 Dungeon Sprint DCSS version 0.27-a0-1256-gced786f65e (webtiles) character file.

Game seed: 18247099213262698615

11118 mhtbhm the Bludgeoner (level 11, -4/115 HPs)
             Began as a Minotaur Berserker on June 10, 2021.
             Was a High Priest of Trog.
             Slain by a spriggan rider
             ... wielding a +0 spear
              (6 damage)
             ... in the Dungeon (Sprint IV: "Fedhas' Mad Dash").
             The game lasted 00:06:43 (4869 turns).

mhtbhm the Bludgeoner (Minotaur Berserker)          Turns: 4869, Time: 00:06:44

Health: -4/115     AC:  9    Str: 26    XL:     11   Next: 45%
Magic:  10/10      EV: 13    Int:  4    God:    Trog [*****.]
Gold:   67         SH:  0    Dex:  9    Spells: 10/10 levels left

rFire    . . .     SeeInvis .   a - +4 dire flail (flame)
rCold    . . .     Faith    .   (shield currently unavailable)
rNeg     . . .     Spirit   .   b - +0 scale mail
rPois    .         Reflect  .   (helmet restricted)
rElec    .         Harm     .   (no cloak)
rCorr    .         Rampage  .   (no gloves)
Will     ++...     NoTele   +   (no boots)
Stlth    ..........             j - amulet of invisibility {+Inv}
HPRegen  1.29/turn              (no ring)
MPRegen  0.12/turn              (no ring)

@: confused, lethally poisoned (-4 -> -4), ambrosia-drunk, strong-willed
(expiring), on berserk cooldown, very slightly contaminated, regenerating
(expiring), slowed, invisible, very slow
A: horns 2, retaliatory headbutt
a: Renounce Religion, Evoke Invisibility, Berserk, Trog's Hand, Brothers in Arms


You were in the Dungeon.
You worshipped Trog.
Trog was extremely pleased with you.
You visited 1 branch You collected 194 gold pieces.
You spent 127 gold pieces at shops.

Inventory:

Hand Weapons
 a - a +4 dire flail of flaming (weapon)
Missiles
 m - 3 curare-tipped darts
Armour
 b - a +0 scale mail (worn)
Jewellery
 j - the amulet of invisibility (around neck) {+Inv}
   (You found it in the Dungeon)

   [amulet of nothing]

   It lets you turn invisible.
Scrolls
 i - a scroll of enchant weapon
Potions
 e - 2 potions of haste
 f - 2 potions of magic
 g - a potion of berserk rage
 k - a potion of lignification
Miscellaneous
 n - a box of beasts
 o - a piece from Xom's chessboard (15/15)


   Skills:
 + Level 16.3 Fighting
 + Level 17.4 Maces & Flails
 + Level 12.2 Armour
 + Level 9.9 Dodging
 + Level 10.7 Stealth
 + Level 9.0 Evocations


You had 10 spell levels left.
You didn't know any spells.
Your spell library was empty.

Dungeon Overview and Level Annotations

Branches:
Dungeon (1/1)

Altars:
Cheibriados
Dithmenos
Elyvilon
Gozag
Hepliaklqana
Kikubaaqudgha
Makhleb
Nemelex Xobeh
Okawaru
Qazlal
Ru
Sif Muna
Trog
Uskayaw
Vehumet
Wu Jian
Xom
Yredelemnul
Zin
The Shining One
Beogh
Jiyva
Lugonu

Shops:
D :!=?([**?(*


Innate Abilities, Weirdness & Mutations

You have a pair of horns on your head.
You reflexively headbutt those who attack you in melee.


Message History

* * * LOW HITPOINT WARNING * * *
You feel very sick.
You feel much better.
You feel very sick.
Unknown command.
Your two-headed ogre goes berserk!
You feel sick.
The spriggan rider hits you from afar with a +0 spear.
* * * LOW HITPOINT WARNING * * *
Unknown command.
Your skin crawls.
You feel strong-willed.
You feel sick.
The demonic crawler hits you but does no damage.
The demonic crawler misses you. x2
The spriggan rider hits you but does no damage.
The demonic crawler hits you.
* * * LOW HITPOINT WARNING * * *
The demonic crawler hits you.
* * * LOW HITPOINT WARNING * * *
The demonic crawler hits you but does no damage.
The spriggan rider hits you from afar with a +0 spear!
* * * LOW HITPOINT WARNING * * *
Unknown command.
You are confused.
You feel invigorated.
You feel the effects of Trog's Hand fading.
You feel sick. The demonic crawler hits you.
* * * LOW HITPOINT WARNING * * *
The demonic crawler hits you but does no damage. x2
The hornet stings your two-headed ogre!
Your two-headed ogre seems to slow down.
Your two-headed ogre hits the hornet with a +0 dire flail!!
Your two-headed ogre hits the hornet with a +0 giant club!
The hornet dies!
Trog accepts your kill.
The hornet stings you but does no damage.
The demonic crawler hits you but does no damage. x3
The spriggan rider hits you from afar with a +0 spear.
You die...

#.:#.)###.......#.♣♣..♣...♣
###########################
#......................#
#∩...................P.####
#∩...................P.....
#∩.................).....##
###########'##############
#..........# *##..#***
#....@y.P..# *....+,,,
###.POs..### *....#***
###.i.## ##$$$$#
#....####$$$$$#***
#.......iy$$$$+,,,
#........$$$$$#***
********###############***
*,,,,,,,,*,,*,,*,,*,,*,,*,
*,,,,,,,,,,,,,,,,,,,,,,,,,


You could see a spriggan rider, a demonic crawler, a hornet and a friendly
two-headed ogre (summoned, berserk, slow).

Vanquished Creatures
  Agnes (D)
  A ghost moth (D)
  A spriggan berserker (D)
  A spriggan druid (D)
  8 oklob plants (D)
  A demonic crawler (D)
  A queen bee (D)
  3 burning bushes (D)
  3 hornets (D)
  3 wandering mushrooms (D)
  3 scorpions (D)
  4 killer bees (D)
  5 oklob saplings (D)
  7 spriggans (D)
  A river rat (D)
  A rat (D)
  A ballistomycete spore (D)
45 creatures vanquished.

Vanquished Creatures (collateral kills)
  A spriggan defender (D)
  A demonic crawler (D)
  A hornet (D)
3 creatures vanquished.

Vanquished Creatures (others)
  A ballistomycete spore (D)
  2 bushes (D)
  A fungus (D)
4 creatures vanquished.

Grand Total: 52 creatures vanquished

Notes
Turn   | Place    | Note
-------+----------+-------------------------------------------
     0 | D        | mhtbhm the Minotaur Berserker began the quest for the Orb.
     0 | D        | Reached XP level 1. HP: 19/19 MP: 0/0
    11 | D        | Reached skill level 4 in Maces & Flails
    11 | D        | Reached XP level 2. HP: 28/28 MP: 1/1
    53 | D        | Noticed an oklob sapling
    55 | D        | Killed an oklob sapling
    55 | D        | Reached ** piety under Trog
    56 | D        | Reached skill level 6 in Maces & Flails
    56 | D        | Reached XP level 3. HP: 37/37 MP: 2/2
   296 | D        | Noticed a scorpion
   297 | D        | Found the amulet of invisibility {+Inv}
   299 | D        | Killed a scorpion
   300 | D        | Reached skill level 7 in Maces & Flails
   300 | D        | Reached XP level 4. HP: 47/47 MP: 3/3
   473 | D        | Found an opulent altar of Gozag.
   473 | D        | Found a hazy altar of Hepliaklqana.
   473 | D        | Found a burning altar of Makhleb.
   473 | D        | Found a sparkling altar of Nemelex Xobeh.
   473 | D        | Found a snail-covered altar of Cheibriados.
   473 | D        | Found a sacrificial altar of Ru.
   473 | D        | Found a shimmering blue altar of Sif Muna.
   473 | D        | Found a shimmering altar of Xom.
   473 | D        | Found a basalt altar of Yredelemnul.
   474 | D        | Found a viscous altar of Jiyva.
   474 | D        | Found a bloodstained altar of Trog.
   474 | D        | Found an ornate altar of the Wu Jian Council.
   475 | D        | Found an iron altar of Okawaru.
   475 | D        | Found a shadowy altar of Dithmenos.
   475 | D        | Found a glowing silver altar of Zin.
   476 | D        | Found an ancient bone altar of Kikubaaqudgha.
   476 | D        | Found a hide-covered altar of Uskayaw.
   477 | D        | Found a stormy altar of Qazlal.
   477 | D        | Found a white marble altar of Elyvilon.
   477 | D        | Found a glowing golden altar of the Shining One.
   478 | D        | Found a corrupted altar of Lugonu.
   478 | D        | Found a radiant altar of Vehumet.
   485 | D        | Reached skill level 8 in Maces & Flails
   485 | D        | Reached XP level 5. HP: 56/56 MP: 1/4
   531 | D        | Reached *** piety under Trog
   532 | D        | Reached skill level 9 in Maces & Flails
   532 | D        | Reached skill level 5 in Armour
   611 | D        | Reached skill level 1 in Evocations
   617 | D        | Reached skill level 10 in Fighting
   617 | D        | Reached skill level 10 in Maces & Flails
   617 | D        | Reached skill level 5 in Dodging
   617 | D        | Reached XP level 6. HP: 66/66 MP: 5/5
   668 | D        | Found Kitor's Weapon Shop.
   668 | D        | Found Cyguk's Magic Scroll Emporium.
   701 | D        | Bought 3 curare-tipped darts for 23 gold pieces
   705 | D        | Noticed a burning bush
   705 | D        | Noticed a wandering mushroom
   706 | D        | Noticed a wandering mushroom
   709 | D        | Reached **** piety under Trog
   710 | D        | Reached skill level 1 in Stealth
   980 | D        | Reached skill level 11 in Maces & Flails
   985 | D        | Killed a burning bush
   986 | D        | Reached XP level 7. HP: 74/74 MP: 6/6
  1185 | D        | Found Roloziba's Magic Scroll Emporium.
  1185 | D        | Found Gaezxet's Assorted Antiques.
  1533 | D        | Bought a scroll of identify for 26 gold pieces
  1533 | D        | Bought a scroll of identify for 26 gold pieces
  1580 | D        | Noticed a queen bee
  1587 | D        | Reached skill level 12 in Maces & Flails
  1589 | D        | Reached ***** piety under Trog
  1594 | D        | Received a gift from Trog
  1601 | D        | Killed a queen bee
  1602 | D        | Reached XP level 8. HP: 85/85 MP: 5/7
  1645 | D        | Noticed an oklob plant
  1649 | D        | Killed an oklob plant
  1650 | D        | Reached skill level 13 in Maces & Flails
  1902 | D        | Noticed a burning bush
  1906 | D        | Killed a burning bush
  2026 | D        | Noticed a burning bush
  2026 | D        | Noticed an oklob plant
  2027 | D        | Noticed a wandering mushroom
  2032 | D        | Killed a burning bush
  2033 | D        | Reached skill level 14 in Maces & Flails
  2046 | D        | Killed an oklob plant
  2047 | D        | Reached skill level 5 in Stealth
  2047 | D        | Reached skill level 5 in Evocations
  2047 | D        | Reached XP level 9. HP: 92/93 MP: 6/8
  2051 | D        | Killed a wandering mushroom
  2171 | D        | Noticed a spriggan druid
  2174 | D        | Killed a spriggan druid
  2175 | D        | Reached skill level 15 in Maces & Flails
  2411 | D        | Noticed an oklob plant conjurer
  2413 | D        | Killed an oklob plant conjurer
  2413 | D        | Received a gift from Trog
  2719 | D        | Noticed an oklob plant
  2719 | D        | Noticed an oklob plant summoner
  2720 | D        | Noticed an oklob plant shifter
  2728 | D        | Killed an oklob plant
  2731 | D        | Killed an oklob plant summoner
  2732 | D        | Reached XP level 10. HP: 104/104 MP: 7/9
  2735 | D        | Killed an oklob plant shifter
  2827 | D        | Reached ****** piety under Trog
  3032 | D        | Noticed a spriggan rider
  3033 | D        | Found Ubiewk's Weapon Emporium.
  3037 | D        | Received a gift from Trog
  3046 | D        | Killed a spriggan rider
  3047 | D        | Reached skill level 15 in Fighting
  3047 | D        | Reached skill level 16 in Maces & Flails
  3048 | D        | Found Zeretiff's Assorted Antiques.
  3148 | D        | Noticed Agnes
  3163 | D        | Killed Agnes
  3164 | D        | Reached skill level 10 in Armour
  3361 | D        | Found Renuvesu's Antique Armour Emporium.
  3361 | D        | Noticed a spriggan berserker
  3367 | D        | Killed a spriggan berserker
  3368 | D        | Reached XP level 11. HP: 113/113 MP: 10/10
  3595 | D        | Found Plog's Assorted Antiques.
  3598 | D        | Noticed a spriggan defender
  3607 | D        | Killed a spriggan defender
  3607 | D        | Received a gift from Trog
  3608 | D        | Reached skill level 10 in Stealth
  3896 | D        | Noticed a spriggan rider
  3940 | D        | Reached skill level 17 in Maces & Flails
  4372 | D        | Bought a scroll of identify for 26 gold pieces
  4372 | D        | Bought a scroll of identify for 26 gold pieces
  4483 | D        | Found Baisaas's Distillery.
  4483 | D        | Found Biutadwu's Jewellery Emporium.
  4483 | D        | Found Zeizoden's Book Shoppe.
  4491 | D        | Killed a ghost moth
  4557 | D        | Noticed an oklob plant shifter
  4557 | D        | Noticed an oklob plant meteorologist
  4564 | D        | Killed an oklob plant shifter
  4575 | D        | Killed an oklob plant meteorologist
  4852 | D        | Noticed a spriggan rider
  4858 | D        | Paralysed by a hornet for 3 turns
  4861 | D        | HP: 8/172 [spriggan rider/+0 spear (20)]
  4865 | D        | HP: 1/115 [poisoned by a hornet]
  4869 | D        | Slain by a spriggan rider

Illustrated notes

Levels and vault maps discovered:
D:        dungeon_sprint_fedhas [sprint_temple]

Skill      XL: |  1  2  3  4  5  6  7  8  9 10 11 |
---------------+----------------------------------+-----
Fighting       | 4 6 7 8 10 11 12 13 14 15 16 | 16.3
Maces & Flails | 4 6 7 8 10 11 12 14 15 16 17 | 17.4
Armour         | 3 4 5 6 7 10 12 | 12.2
Dodging        | 3 4 5 6 7 8 9 |  9.9
Evocations     | 1 2 3 5 6 8 9 |  9.0
Stealth        | 1 3 5 7 9 10 | 10.7

Action                   |  1- 3 |  4- 6 |  7- 9 | 10-12 || total
-------------------------+-------+-------+-------+-------++-------
Melee: Mace              |     8 |    25 |    19 |       ||    52
       Headbutt          |     1 |    10 |    10 |     6 ||    27
       Dire flail        |       |       |    36 |    54 ||    90
Invok: Berserk           |     3 |     6 |     7 |     7 ||    23
       Brothers in Arms  |       |       |       |     3 ||     3
       Trog's Hand       |       |       |       |     1 ||     1
 Abil: Evoke Invisibilit |       |     2 |     3 |     3 ||     8
  Use: Potion            |       |     1 |       |     2 ||     3
       Scroll            |       |       |     5 |     3 ||     8
 Stab: Invisible         |       |     1 |     8 |       ||     9
       Sleeping          |       |       |     1 |     2 ||     3
Armor: Scale mail        |       |       |       |    32 ||    32
Dodge: Dodged            |     3 |     8 |    18 |    26 ||    55

Table legend: (Time is in decaauts)
 A = Elapsed time spent in this place.
 B = Non-inter-level travel time spent in this place.
 C = Inter-level travel time spent in this place.
 D = Time resting spent in this place.
 E = Time spent auto-exploring this place.
 F = Levels seen in this place.
 G = Mean time per level.
                   A        B        C        D        E       F      G
               +--------+--------+--------+--------+--------+-----+--------+
         Total |   5047 |   4976 |     71 |   4109 |     77 |   1 | 5047.0 |
       Dungeon |   5047 |   4976 |     71 |   4109 |     77 |   1 | 5047.0 |
               +--------+--------+--------+--------+--------+-----+--------+

Top non-repeatable levels by time:
       D: 5047 daAuts
